 Dungeon Crawl Stone Soup version 0.23.1 (webtiles) character file.

Game seed: 16774497205305952167

178 Borgoz the Sneak (level 5, 0/40 HPs)
             Began as a Ghoul Enchanter on Mar 14, 2019.
             Slain by a goblin
             ... wielding a +0 club
             ... led by Robin
              (1 damage)
             ... on level 2 of the Dungeon.
             The game lasted 00:07:50 (4102 turns).

Borgoz the Sneak (Ghoul Enchanter)                  Turns: 4102, Time: 00:07:51

Health: 0/40       AC:  5    Str: 12    XL:     5   Next: 58%
Magic:  7/7        EV: 12    Int: 10    God:
Gold:   178        SH:  0    Dex: 10    Spells: 2/8 levels left

rFire    . . .     SeeInvis .   n - +0 short sword
rCold    + . .     Gourm    .   (no shield)
rNeg     + + +     Faith    .   b - +0 robe
rPois    ∞         Spirit   .   q - +0 helmet
rElec    .         Reflect  .   (no cloak)
rCorr    .         Harm     .   (no gloves)
MR       .....                  c - +1 pair of boots (curse)
Stlth    ++........             p - amulet of magic regeneration
HPRegen  0.00/turn              (no ring)
MPRegen  0.35/turn              (no ring)

@: flying, rotting
A: rotting body, claws 1, carnivore, cold resistance 1, negative energy
resistance 3, inhibited regeneration, torment resistance, unbreathing
a: no special abilities


You were on level 2 of the Dungeon.
You were not hungry.

You visited 1 branch of the dungeon, and saw 4 of its levels.

You collected 178 gold pieces.

Inventory:

Hand Weapons
 m - a +1 short sword of holy wrath
 n - a +0 short sword (weapon)
Missiles
 f - 12 poisoned needles
Armour
 b - a +0 robe (worn)
 c - a cursed +1 pair of boots (worn)
 q - a +0 helmet (worn)
Jewellery
 p - an amulet of magic regeneration (around neck)
Wands
 o - a wand of polymorph (10)
Scrolls
 a - a scroll of enchant armour
 g - a scroll of teleportation
 l - a scroll of blinking
 s - a scroll of identify
Potions
 h - a potion of haste
 j - a potion of heal wounds {unknown}
 k - 2 potions of curing
Comestibles
 d - 6 rations
 r - 6 chunks of flesh


   Skills:
 + Level 1.3 Fighting
 * Level 2.2 Short Blades
 * Level 1.7 Armour
 + Level 2.3 Dodging
 + Level 3.9 Stealth
 + Level 2.1 Spellcasting
 * Level 3.0 Hexes
 + Level 0.4 Ice Magic


You had 2 spell levels left.
You knew the following spells:

 Your Spells              Type           Power        Failure   Level  Hunger
a - Corona                Hex            #......      9%          1    ##.....
b - Ensorcelled Hibernat  Hex/Ice        #.....       22%         2    ###....
c - Confuse               Hex            #.......     26%         3    ####...

Your spell library contained the following spells:

 Spells                   Type           Power        Failure   Level  Hunger
 Tukima's Dance           Hex            #.......     26%         3    ####...
 Dazzling Spray           Conj/Hex       #.....       45%         3    ####...


Dungeon Overview and Level Annotations

Branches:
Dungeon (4/15)
 Temple: D:4-7

Altars:
Cheibriados
Elyvilon
Hepliaklqana
Okawaru

Annotations:
D:2 Robin


Innate Abilities, Weirdness & Mutations

Your body is rotting away.
You thrive on raw meat.
You are immune to poison.
You have sharp fingernails.
You are carnivorous and can eat meat at any time.
Your flesh is cold resistant. (rC+)
You are immune to negative energy. (rN+++)
You do not regenerate when monsters are visible.
You are immune to unholy pain and torment.
You can survive without breathing.


Message History

You closely miss the hobgoblin.
The hobgoblin is almost dead.
The goblin closely misses you. The hobgoblin completely misses you.
You hit the hobgoblin.
You kill the hobgoblin!
The goblin hits you with a +0 club.
Items here: ( ))) ÷ † You completely miss the goblin.
The goblin barely misses you.
You hit the goblin but do no damage. The goblin hits you with a +0 club.
Robin throws the goblin at you!
Robin zaps a wand.
The puff of flame hits you!
* * * LOW HITPOINT WARNING * * *
There is a stone staircase leading down here.
You see here a goblin skeleton.
It was a potion of flight.
You feel very buoyant.
You fly up into the air.
Robin zaps a wand.
The puff of flame hits you!
* * * LOW HITPOINT WARNING * * *
The goblin hits you with a +0 club.
You die...

########### ......^...##
########...#################
#.........g@g.........#####
#.#...###############.#...#
#.##.###### #.#...##
######.##.##...###########.......
....##.##.##.#......<.........#..
###.##.##.##...#######.###.......
###.........#.##..........#......
.......................##.#......
###.#######.#.##.#####.##.#.#.###


You could see Robin and a goblin.

Vanquished Creatures
  An orc wizard (D:3)
  3 adders (D:2)
  3 oozes
  3 worms (D:2)
  A dart slug (D:2)
  2 leopard geckos
  6 orcs
  2 ball pythons (D:2)
  5 giant cockroaches
  21 goblins
  15 hobgoblins
  A quokka (D:2)
  8 bats
  2 frilled lizards (D:2)
  6 kobolds
  9 rats
  A toadstool (D:1)
89 creatures vanquished.

Vanquished Creatures (others)
  3 toadstools (D:1)
3 creatures vanquished.

Grand Total: 92 creatures vanquished

Notes
Turn   | Place    | Note
-------+----------+-------------------------------------------
     0 | D:1      | Borgoz the Ghoul Enchanter began the quest for the Orb.
     0 | D:1      | Reached XP level 1. HP: 14/14 MP: 2/2
   148 | D:1      | Reached skill level 1 in Short Blades
   643 | D:1      | Reached XP level 2. HP: 16/20 MP: 0/3
   799 | D:1      | Learned a level 2 spell: Ensorcelled Hibernation
  1082 | D:1      | Reached XP level 3. HP: 27/27 MP: 4/4
  1365 | D:2      | Found a hazy altar of Hepliaklqana.
  1365 | D:2      | Found a white marble altar of Elyvilon.
  1481 | D:2      | Found a snail-covered altar of Cheibriados.
  1485 | D:2      | Reached skill level 1 in Armour
  1669 | D:2      | Reached XP level 4. HP: 22/34 MP: 1/6
  1977 | D:2      | Found an iron altar of Okawaru.
  1988 | D:2      | Learned a level 3 spell: Confuse
  2044 | D:2      | Reached skill level 1 in Fighting
  3144 | D:3      | Reached XP level 5. HP: 39/40 MP: 7/7
  3852 | D:3      | Noticed Robin
  4102 | D:2      | HP: 1/40 [Robin/wand of flame (18) (8)]
  4102 | D:2      | Slain by a goblin

Skill      XL: |  1  2  3  4  5 |
---------------+----------------+-----
Short Blades   | 1 2 |  2.2
Armour         | 1 |  1.7
Dodging        | 2 |  2.3
Spellcasting   | 2 |  2.1
Fighting       | 1 |  1.3
Hexes          | 3 |  3.0
Stealth        | |  3.9
Ice Magic      | |  0.4

Action                   |  1- 3 |  4- 6 || total
-------------------------+-------+-------++-------
Melee: Dagger            |   114 |    41 ||   155
       Short sword       |       |   192 ||   192
 Cast: Corona            |     6 |       ||     6
       Ensorcelled Hiber |     2 |    11 ||    13
       Confuse           |       |     2 ||     2
  Use: Scroll            |       |    10 ||    10
       Potion            |       |     5 ||     5
 Stab: Sleeping          |    12 |    11 ||    23
       Distracted        |       |     1 ||     1
  Eat: Chunk             |     5 |    20 ||    25
Armor: Robe              |    28 |    62 ||    90
Dodge: Dodged            |    97 |   149 ||   246
